 Dungeon Crawl Stone Soup version 0.28.0-45-g0d030f2227 (webtiles) character file.

Game seed: 671709856126766376

53 Ablot the Cutter (level 3, -6/35 HPs)
             Began as a Gnoll Chaos Knight on Apr 14, 2022.
             Was a Plaything of Xom.
             Mangled by a fire crab (shapeshifter) (15 damage)
             ... on level 2 of the Dungeon.
             The game lasted 00:01:10 (1301 turns).

Ablot the Cutter (Gnoll Chaos Knight)               Turns: 1301, Time: 00:01:12

Health: -6/35      AC:  5    Str: 13    XL:     3   Next: 87%
Magic:  13/13      EV: 12    Int: 11    God:    Xom [......]
Gold:   81         SH:  0    Dex: 11    Spells: 4/4 levels left

rFire   . . .      SeeInvis .   a - +0 short sword (chaos)
rCold   . . .      Faith    .   (no shield)
rNeg    . . .      Spirit   .   b - +2 leather armour
rPois   +          Reflect  .   (no helmet)
rElec   .          Harm     .   (no cloak)
rCorr   .          Rampage  .   (no gloves)
Will    .....                   (no boots)
Stlth   +.........              (no amulet)
HPRegen 0.11/turn               g - ring of magical power
MPRegen 0.13/turn               h - ring of poison resistance

@: no status effects
A: fangs 1, strong nose, distributed training
a: Renounce Religion


You were on level 2 of the Dungeon.
You worshipped Xom.
You were a very special plaything of Xom.
You visited 1 branch of the dungeon, and saw 2 of its levels.

You collected 81 gold pieces.

Inventory:

Hand Weapons
 a - a +0 short sword of chaos (weapon)
Missiles
 d - 13 arrows
 e - 63 stones (quivered)
 f - a throwing net
 l - 27 sling bullets
Armour
 b - a +2 leather armour (worn)
Jewellery
 g - a ring of magical power (left hand)
 h - a ring of poison resistance (right hand)
Scrolls
 c - 2 scrolls of teleportation {unknown}
 i - a scroll of noise {unknown}
 j - a scroll of identify {unknown}
 k - a scroll of enchant weapon {unknown}


   Skills:
 + Level 6.5 Fighting
 + Level 6.5 Short Blades
 + Level 1.0 Long Blades
 + Level 1.0 Axes
 + Level 1.0 Maces & Flails
 + Level 1.0 Polearms
 + Level 1.0 Staves
 + Level 1.0 Slings
 + Level 1.0 Bows
 + Level 1.0 Crossbows
 + Level 1.0 Throwing
 + Level 4.6 Armour
 + Level 2.6 Dodging
 + Level 1.0 Stealth
 + Level 1.0 Shields
 + Level 1.0 Unarmed Combat
 + Level 1.0 Spellcasting
 + Level 0.7 Conjurations
 + Level 0.7 Hexes
 + Level 0.7 Summonings
 + Level 0.7 Necromancy
 + Level 0.7 Translocations
 + Level 0.7 Transmutations
 + Level 0.7 Fire Magic
 + Level 0.7 Ice Magic
 + Level 0.7 Air Magic
 + Level 0.7 Earth Magic
 + Level 0.7 Poison Magic
 + Level 1.0 Invocations
 + Level 1.0 Evocations


You had 4 spell levels left.
You didn't know any spells.
Your spell library contained the following spells:

 Spells                   Type           Power      Damage    Failure   Level
 Freeze                   Ice            8%         1d3       30%         1
 Frozen Ramparts          Ice            4%         1d2       65%         3
 Hailstorm                Conj/Ice       2%         3d3       96%         4


Dungeon Overview and Level Annotations

Branches:
Dungeon (2/15)

Altars:
Vehumet


Innate Abilities, Weirdness & Mutations

You have very sharp teeth.
Your uncanny sense of smell can sniff out nearby items.
Your experience applies equally to all skills.


Message History

Your Maces & Flails skill increases to level 1!
Your Polearms skill increases to level 1!
Your Staves skill increases to level 1!
Your Slings skill increases to level 1!
Your Bows skill increases to level 1!
Your Crossbows skill increases to level 1!
Your Throwing skill increases to level 1!
Your Stealth skill increases to level 1!
Your Shields skill increases to level 1!
Your Unarmed Combat skill increases to level 1!
Your Spellcasting skill increases to level 1!
Your Evocations skill increases to level 1! "Where it stops, nobody knows!"
Your surroundings suddenly seem different.
A dart slug and a kobold come into view.
Found 12 gold pieces.
Unknown command.
A bat comes into view.
The kobold shouts!
The kobold closely misses you.
You hit the kobold. You freeze the kobold.
The kobold is severely wounded.
You hit the kobold. You burn the kobold.
You kill the kobold!
The bat hits you but does no damage. The bat closely misses you.
You hit the bat.
You kill the bat! "This might be better!"
The dart slug changes into a shapeshifter!
The shapeshifter changes into a fire crab!
You barely miss the fire crab. The fire crab breathes flames at you.
The blast of flame engulfs you!
You closely miss the fire crab.
You bite the fire crab, but do no damage.
You are engulfed in blazing flames.
The fire crab barely misses you. The fire crab claws you.
* * * LOW HITPOINT WARNING * * *
You are engulfed in flames!
You die...
Xom roars with laughter!

########'#####+###########...#
.......$..# #.).# ∆
..........# #...# ..........#
#...# ..........# #...#
..........# #...# .......○..#
##### .......○○○###
.......○○@○.# ########○○t○#
#....# #....# #....# #....#
#....# #....#


You could see a fire crab shaped shifter.

Vanquished Creatures
  A river rat (D:2)
  An adder (D:2)
  A dart slug (D:1)
  2 ball pythons
  4 endoplasms
  2 giant cockroaches
  2 goblins
  2 hobgoblins (D:1)
  A quokka (D:1)
  6 bats
  3 frilled lizards
  4 kobolds
  4 rats
33 creatures vanquished.

Notes
Turn   | Place    | Note
-------+----------+-------------------------------------------
     0 | D:1      | Ablot the Gnoll Chaos Knight began the quest for the Orb.
     0 | D:1      | Reached XP level 1. HP: 23/23 MP: 1/1
   253 | D:1      | XOM: butterfly on damage
   256 | D:1      | Reached XP level 2. HP: 19/29 MP: 2/2
   381 | D:1      | XOM: silly message
   504 | D:1      | Found a faded altar of an unknown god.
   580 | D:1      | XOM: silly message
   730 | D:1      | XOM: summons 4 hostile shadow creatures
   926 | D:2      | XOM: polymorph giant cockroach -> river rat
   931 | D:2      | Reached XP level 3. HP: 30/35 MP: 3/3
  1079 | D:2      | Reached skill level 1 in Invocations
  1161 | D:2      | Found a radiant altar of Vehumet.
  1211 | D:2      | Reached skill level 1 in Long Blades
  1211 | D:2      | Reached skill level 1 in Axes
  1211 | D:2      | Reached skill level 1 in Maces & Flails
  1211 | D:2      | Reached skill level 1 in Polearms
  1211 | D:2      | Reached skill level 1 in Staves
  1211 | D:2      | Reached skill level 1 in Slings
  1211 | D:2      | Reached skill level 1 in Bows
  1211 | D:2      | Reached skill level 1 in Crossbows
  1211 | D:2      | Reached skill level 1 in Throwing
  1211 | D:2      | Reached skill level 1 in Stealth
  1211 | D:2      | Reached skill level 1 in Shields
  1211 | D:2      | Reached skill level 1 in Unarmed Combat
  1211 | D:2      | Reached skill level 1 in Spellcasting
  1211 | D:2      | Reached skill level 1 in Evocations
  1293 | D:2      | XOM: 1-stop teleportation journey
  1298 | D:2      | Noticed a shapeshifter
  1298 | D:2      | a dart slug changed into a shapeshifter
  1298 | D:2      | XOM: polymorph dart slug -> shapeshifter
  1298 | D:2      | Noticed a fire crab
  1298 | D:2      | a shapeshifter changed into a fire crab
  1301 | D:2      | Mangled by a fire crab (shapeshifter)

Illustrated notes

Levels and vault maps discovered:
D:1:      sevenhm_arrival_forest_fort_small_6, layout_loops_ring,
          hellmonk_ecumenical_altar_heavens_door
D:2:      layout_basic, basic_altar

Skill      XL: |  1  2  3 |
---------------+----------+-----
Invocations    | 1 |  1.0
Long Blades    | 1 |  1.0
Axes           | 1 |  1.0
Maces & Flails | 1 |  1.0
Polearms       | 1 |  1.0
Staves         | 1 |  1.0
Slings         | 1 |  1.0
Bows           | 1 |  1.0
Crossbows      | 1 |  1.0
Throwing       | 1 |  1.0
Stealth        | 1 |  1.0
Shields        | 1 |  1.0
Unarmed Combat | 1 |  1.0
Spellcasting   | 1 |  1.0
Evocations     | 1 |  1.0
Fighting       | |  6.5
Short Blades   | |  6.5
Armour         | |  4.6
Dodging        | |  2.6
Conjurations   | |  0.7
Hexes          | |  0.7
Summonings     | |  0.7
Necromancy     | |  0.7
Translocations | |  0.7
Transmutations | |  0.7
Fire Magic     | |  0.7
Ice Magic      | |  0.7
Air Magic      | |  0.7
Earth Magic    | |  0.7
Poison Magic   | |  0.7

Action                   || total
-------------------------++-------
Melee: Short sword       ||   101
       Bite              ||     7
 Stab: Sleeping          ||     1
Armor: Leather armour    ||    26
Dodge: Dodged            ||    63
